 Dungeon Crawl Stone Soup version 0.30.1-9-gdf580d7c3d (webtiles) character file.

Game seed: 4683998784427734170

2009 Chiseanne the Digger (level 9, 14/68 HPs)
             Began as a Demonspawn Wanderer on Oct 5, 2023.
             Quit the game on level 7 of the Dungeon.
             The game lasted 00:15:03 (6135 turns).

Chiseanne the Digger (Demonspawn Wanderer)          Turns: 6135, Time: 00:15:03

Health: 14/68      AC:  7    Str: 12    XL:     9   Next: 2%
Magic:  10/16      EV: 13    Int: 20    God:
Gold:   226        SH:  0    Dex: 11    Spells: 16/17 levels left

rFire   . . .        a - staff of earth
rCold   . . .        (no shield)
rNeg    . . .        o - +0 ring mail
rPois   .            (helmet restricted)
rElec   .            (no cloak)
rCorr   .            (no gloves)
SInv    .            l - +0 pair of boots
Will    .....        (no amulet)
Stlth   +            (no ring)
HPRegen 0.31/turn    (no ring)
MPRegen 0.15/turn

%: no passive effects
@: very slightly contaminated
A: antennae 1, demonic guardian 1, sturdy frame 3
a: no special abilities


You were on level 7 of the Dungeon.
You visited 1 branch of the dungeon, and saw 7 of its levels.

You collected 226 gold pieces.

Inventory:

Hand Weapons
 s - a +2 heavy flail
Missiles
 b - 8 boomerangs (quivered)
 g - 40 stones
 j - 2 javelins
Armour
 k - +0 ice dragon scales
 l - a +0 pair of boots (worn)
 o - a +0 ring mail (worn)
 w - a +0 helmet
Magical Staves
 a - a staff of earth (weapon)
Jewellery
 x - a ring of ice
Wands
 r - a wand of roots (19)
 t - a wand of flame (16)
 u - a wand of acid (9)
 y - a wand of digging (4)
Scrolls
 d - a scroll of fog
 n - a scroll of teleportation
Potions
 c - 5 potions of curing
 e - a potion of heal wounds {unknown}
 f - 2 potions of flight
 h - 3 potions of haste
 i - a potion of magic {unknown}
 m - a potion of resistance {unknown}
 p - a potion of lignification {unknown}
 q - a potion of attraction {unknown}
 v - 3 potions of might {unknown}


   Skills:
 * Level 5.2 Fighting
 - Level 1.7 Throwing
 * Level 4.3 Armour
 * Level 4.7 Dodging
 * Level 4.9 Spellcasting
 * Level 6.6 Earth Magic
 - Level 1.2 Invocations


You had 16 spell levels left.
You knew the following spells:

 Your Spells              Type           Power      Damage    Failure   Level
a - Sandblast             Erth           94%        2d19      1%          1

Your spell library contained the following spells:

 Spells                   Type           Power      Damage    Failure   Level
 Stone Arrow              Conj/Erth      54%        3d10      9%          3
 Petrify                  Tmut/Erth      27%        N/A       30%         4


Dungeon Overview and Level Annotations

Branches:
Dungeon (7/15)
 Temple: D:4-7

Altars:
Fedhas

Shops:
D:4 ![[!(


Innate Abilities, Weirdness & Mutations

You have a pair of small antennae on your head.
A weak demonic guardian rushes to your aid.
Your movements are significantly less encumbered by armour. (ER -6)


Message History

The bullfrog croaks.
The steam dragon breathes steam at you. The ball of steam hits you!
* * * LOW HITPOINT WARNING * * *
A demonic guardian appears!
You hear a shout! x3
Casting: Sandblast (safe; 1% risk of failure)
Confirm with . or Enter, or press ? or * to list all spells.
Aiming: Sandblast (safe; 1% risk of failure)
Press: ? - help, Shift-Dir - straight line, f/p - steam dragon
Aim: a steam dragon (almost dead, catching its breath, ally target, 85% to hit)
You feel a surge of power!
The blast of sand hits the steam dragon but does no damage.
The steam dragon is almost dead.
You are engulfed in a cloud of scalding steam.
The steam dragon misses you. The steam dragon closely misses you.
Your shadow imp closely misses the steam dragon.
The steam dragon misses you. The steam dragon barely misses you.
Casting: Sandblast (safe; 1% risk of failure)
Confirm with . or Enter, or press ? or * to list all spells.
Aiming: Sandblast (safe; 1% risk of failure)
Press: ? - help, Shift-Dir - straight line, f/p - steam dragon
Aim: a steam dragon (almost dead, ally target, 85% to hit)
You feel a surge of power!
The blast of sand hits the steam dragon!
You kill the steam dragon!
You are engulfed in a cloud of scalding steam.
The bullfrog is engulfed in a cloud of scalding steam.
The bullfrog misses you.
The bullfrog is engulfed in a cloud of scalding steam.
The bullfrog closely misses you.
Your shadow imp hits the bullfrog.
Your life force feels restored.
You have reached level 9!
Your experience leads to an increase in your attributes!
Increase (s)trength, (i)ntelligence, or (d)exterity?
You feel clever. x2; Your demonic ancestry asserts itself...
A pair of antennae grows on your head!
Your +0 helmet falls away!
Okay, then.
Are you sure you want to abandon this character and quit the game? (Confirm with "yes".)

#### ####
###.<#
.##...###....#
........#....#
......5F.....##
....##@.......#
. #.§.......#
#..§§.....#
#..§.....##
>...§.....#
##......<...
....§.....
........#


You could see a bullfrog (ally target) and a friendly shadow imp (summoned).

Vanquished Creatures
  Grinder (D:3)
  A steam dragon (D:7)
  A water moccasin (D:6)
  Duvessa (D:4)
  A black bear (D:5)
  2 ice beasts
  3 ogres
  A phantom (D:6)
  Blork the orc (D:4)
  2 scorpions
  A wight (D:6)
  2 jellies
  2 orc priests
  A gnoll bouda (D:5)
  2 iguanas (D:5)
  4 orc wizards
  Robin (D:4)
  6 gnolls
  10 adders
  3 white imps (D:6)
  A worm (D:2)
  4 dart slugs
  17 orcs
  5 ball pythons
  6 bats
  7 endoplasms
  6 giant cockroaches
  15 goblins
  9 hobgoblins
  8 quokkas
  2 frilled lizards
  A kobold (D:3)
  6 rats
133 creatures vanquished.

Vanquished Creatures (collateral kills)
  Dowan (D:4)
1 creature vanquished.

Grand Total: 134 creatures vanquished

Notes
Turn   | Place    | Note
-------+----------+-------------------------------------------
     0 | D:1      | Chiseanne the Demonspawn Wanderer began the quest for the
                  | Orb.
     0 | D:1      | Chiseanne set off with the following items: a +0 dagger, 6
                  | boomerangs, a potion of curing, a scroll of fog, a +0 robe;
                  | and the following spell memorised: Sandblast; and the
                  | following spells available to memorise: Stone Arrow,
                  | Petrify.
     0 | D:1      | Reached XP level 1. HP: 15/15 MP: 2/2
   486 | D:1      | Gained mutation: Your movements are slightly less
                  | encumbered by armour. (ER -2) [demonic ancestry]
   486 | D:1      | Reached XP level 2. HP: 14/21 MP: 0/3
  1186 | D:2      | Reached skill level 1 in Dodging
  1254 | D:2      | Gained mutation: A weak demonic guardian rushes to your
                  | aid. [demonic ancestry]
  1254 | D:2      | Reached XP level 3. HP: 26/27 MP: 0/5
  1814 | D:2      | Gained mutation: Your movements are less encumbered by
                  | armour. (ER -4) [demonic ancestry]
  1814 | D:2      | Reached XP level 4. HP: 33/33 MP: 3/6
  2298 | D:3      | Identified the +8 mace of Greed {holy, *Slow Str+8 Dex-3}
  2300 | D:3      | Noticed Grinder
  2306 | D:3      | Paralysed by Grinder for 3 turns
  2313 | D:3      | Paralysed by Grinder for 4 turns
  2320 | D:3      | Killed Grinder
  2321 | D:3      | Reached skill level 1 in Armour
  2321 | D:3      | Reached skill level 5 in Earth Magic
  2321 | D:3      | Reached XP level 5. HP: 21/40 MP: 0/8
  2559 | D:3      | Gained mutation: Your movements are significantly less
                  | encumbered by armour. (ER -6) [demonic ancestry]
  2559 | D:3      | Reached XP level 6. HP: 46/46 MP: 7/9
  3475 | D:4      | Found Modomeoz's Armour Boutique.
  3503 | D:4      | Found Xaevahabb's Antique Armour Emporium.
  3533 | D:4      | Found Iharegaa's Distillery.
  3669 | D:4      | Found Irigeu Darr's Distillery.
  3814 | D:4      | Noticed Blork the orc
  3823 | D:4      | Killed Blork the orc
  3824 | D:4      | Reached XP level 7. HP: 41/52 MP: 3/11
  3912 | D:4      | Found Ugyuty's Antique Weapon Shoppe.
  4162 | D:4      | Noticed Duvessa
  4162 | D:4      | Noticed Dowan
  4166 | D:4      | Killed Dowan
  4172 | D:4      | Killed Duvessa
  4360 | D:4      | Noticed Robin
  4364 | D:4      | Killed Robin
  4569 | D:4      | Found a blossoming altar of Fedhas.
  4821 | D:5      | Entered Level 5 of the Dungeon
  5139 | D:5      | Reached XP level 8. HP: 60/60 MP: 11/13
  5143 | D:5      | Reached skill level 6 in Earth Magic
  5864 | D:6      | Reached skill level 5 in Fighting
  6135 | D:7      | Gained mutation: You have a pair of small antennae on your
                  | head. [demonic ancestry]
  6135 | D:7      | Reached XP level 9. HP: 14/68 MP: 10/16
  6135 | D:7      | Quit the game

Illustrated notes

Levels and vault maps discovered:
D:1:      dpeg_arrival_three_same_balls, layout_basic
D:2:      layout_basic
D:3:      layout_basic, nicolae_hexahallways, nicolae_eternal_life, uniq_grinder
D:4:      layout_loops_corners, mainiacjoe_overflow_alcove_2, serial_shops,
          nicolae_shop_rolling_square, nicolae_shop_tiny_waterfront,
          nicolae_shop_scrapyard, shop, shop, uniq_robin, uniq_blork_the_orc,
          uniq_duvessa
D:5:      layout_basic, serial_bayou, serial_bayou_lagoon_a,
          serial_bayou_ford_a, serial_bayou_crossing, serial_bayou_pond_b
D:6:      layout_rooms, mainiacjoe_overflow_24_doors, minmay_misc_feat_square,
          minmay_misc_feat_pillars, minmay_checkerbox
D:7:      layout_cave_pools, minmay_temple_entry_overgrown,
          kennysheep_nondescript

Skill      XL: |  1  2  3  4  5  6  7  8 |
---------------+-------------------------+-----
Dodging        | 1 2 3 4 |  4.7
Fighting       | 2 3 4 5 |  5.2
Armour         | 1 2 3 4 |  4.3
Spellcasting   | 2 3 4 |  4.9
Earth Magic    | 5 6 |  6.6
Throwing       | |  1.7
Invocations    | |  1.2

Action                     |  1- 3 |  4- 6 |  7- 9 || total
---------------------------+-------+-------+-------++-------
  Melee: Mace              |     7 |     1 |       ||     8
         Dagger            |     6 |       |       ||     6
         Flail             |       |       |     8 ||     8
         Staff             |       |       |     4 ||     4
  Throw: Javelin           |       |     1 |     5 ||     6
         Boomerang         |       |       |     1 ||     1
   Cast: Sandblast         |    51 |    78 |    99 ||   228
  Evoke: Wand              |       |       |     5 ||     5
    Use: Scroll            |     1 |     4 |     2 ||     7
         Potion            |       |     1 |       ||     1
 Armour: Robe              |     8 |       |       ||     8
         Ring mail         |       |    13 |    24 ||    37
  Dodge: Dodged            |    21 |    19 |    51 ||    91
